 Dungeon Crawl Stone Soup version 0.30-a0-845-g7c6808c8ce (webtiles) character file.

Game seed: 2046700545602819027

6845 Esekla the Sneak (level 11, -4/72 HPs)
             Began as an Octopode Delver on Mar 2, 2023.
             Was an Initiate of Gozag.
             Slain by a gargoyle
             ... wielding a +0 morningstar
              (29 damage)
             ... on level 10 of the Dungeon.
             The game lasted 01:14:43 (11086 turns).

Esekla the Sneak (Octopode Delver)                 Turns: 11086, Time: 01:14:43

Health: -4/72      AC:  1    Str: 11    XL:     11   Next: 6%
Magic:  25/30      EV: 16    Int: 18    God:    Gozag
Gold:   1134       SH:  0    Dex: 19    Spells: 5/23 levels left

rFire   + . .      SeeInvis .    a - +0 long sword
rCold   . . .      Faith    .    (no shield)
rNeg    . . .      Spirit   .    (helmet restricted)
rPois   .          Reflect  .    (no amulet)
rElec   .          Rampage  .    e - +6 ring of dexterity
rCorr   .                        i - ring of wizardry
Will    .....                    y - ring of flight
Stlth   +++++                    E - ring of magical power
HPRegen 0.32/turn                D - ring of protection from fire
MPRegen 0.22/turn                v - ring of wizardry
                                 (no ring)
                                 (no ring)

@: flying
A: almost no armour, amphibious, 8 rings, camouflage 1, gelatinous body 1,
(nimble swimmer 1), tentacles
a: Renounce Religion, Potion Petition, Call Merchant, Bribe Branch


You were on level 10 of the Dungeon.
You worshipped Gozag.
Gozag was most pleased with you.
You visited 2 branches of the dungeon, and saw 11 of its levels.
You also visited: Ossuary.

You collected 2185 gold pieces.
You spent 538 gold pieces at shops.
You paid 513 gold pieces to Gozag.

Inventory:

Hand Weapons
 a - a +0 long sword (weapon)
 r - a +2 spear of freezing
 s - a +3 dagger of holy wrath
 z - a +0 dagger of venom
Missiles
 l - 3 curare-tipped darts
 u - 14 poisoned darts (quivered)
 w - a silver boomerang
Jewellery
 e - a +6 ring of dexterity (left tentacle)
 i - a ring of wizardry (right tentacle)
 v - a ring of wizardry (on tentacle)
 y - a ring of flight (on tentacle)
 D - a ring of protection from fire (on tentacle)
 E - a ring of magical power (on tentacle)
Wands
 f - a wand of digging (3)
 C - a wand of iceblast (2)
 G - a wand of acid (14)
Scrolls
 b - 4 scrolls of fog
 c - 3 scrolls of teleportation
 d - 4 scrolls of fear
 g - 2 scrolls of amnesia {unknown}
 h - 5 scrolls of silence
 t - a scroll of brand weapon {unknown}
 x - 2 scrolls of enchant armour
 F - 2 scrolls of enchant weapon
 J - 2 scrolls of blinking {unknown}
 M - 4 scrolls of magic mapping
 O - a scroll of torment {unknown}
 P - a scroll of poison {unknown}
Potions
 j - 4 potions of heal wounds
 k - 4 potions of haste
 m - 3 potions of curing
 n - 3 potions of lignification
 o - a potion of resistance
 p - 4 potions of attraction
 q - 5 potions of flight
 A - a potion of berserk rage
 B - 2 potions of might
 H - 5 potions of brilliance
 I - 2 potions of cancellation
 K - 3 potions of magic
 L - a potion of invisibility
 N - a potion of mutation


   Skills:
 * Level 6.2 Fighting
 + Level 3.1(5.2) Short Blades
 * Level 6.5(6.9) Long Blades
 + Level 1.2 Throwing
 * Level 5.7 Dodging
 - Level 7.0 Stealth
 * Level 6.7 Spellcasting
 + Level 3.8 Conjurations
 * Level 2.7 Necromancy
 + Level 0.4 Translocations
 * Level 2.9 Transmutations
 * Level 4.0 Fire Magic
 + Level 4.3 Air Magic
 * Level 2.5 Earth Magic
 + Level 4.6 Poison Magic
 + Level 0.1 Evocations


You had 5 spell levels left.
You knew the following spells:

 Your Spells              Type           Power      Damage    Failure   Level
c - Mephitic Cloud        Conj/Pois/Air  21%        N/A       1%          3
d - Vampiric Draining     Necr           16%        2d7       3%          3
n - Ignite Poison         Fire/Tmut/Pois 20%        N/A       1%          3
p - Apportation           Tloc           14%        N/A       2%          1
v - Poisonous Vapours     Pois/Air       44%        N/A       1%          2
w - Wereblood             Tmut           16%        N/A       1%          2
y - Sticky Flame          Conj/Fire      20%        2d4       6%          4

Your spell library contained the following spells:

 Spells                   Type           Power      Damage    Failure   Level
 Beastly Appendage        Tmut           32%        N/A       1%          1
 Necrotise                Necr           64%        1d7       1%          1
 Cigotuvi's Dreadful Rot  Necr/Pois/Air  40%        N/A       1%          2
 Spider Form              Tmut/Pois      19%        N/A       1%          3
 Slow                     Hex            24%        N/A       3%          1
 Summon Small Mammal      Summ           24%        N/A       3%          1
 Inner Flame              Hex/Fire       13%        N/A       4%          3
 Gell's Gravitas          Tloc           7%         N/A       8%          3
 Teleport Other           Tloc           7%         N/A       8%          3
 Confusing Touch          Hex            6%         N/A       9%          3
 Tukima's Dance           Hex            6%         N/A       9%          3
 Summon Lightning Spire   Summ/Air       14%        N/A       12%         4
 Passage of Golubria      Tloc           7%         N/A       24%         4
 Borgnjor's Vile Clutch   Necr/Erth      7%         N/A       26%         5
 Cause Fear               Hex            3%         N/A       28%         4
 Yara's Violent Unravell  Hex/Tmut       5%         3d4       38%         5
 Death Channel            Necr           8%         N/A       77%         6
 Dispersal                Tloc           3%         N/A       96%         6
 Storm Form               Tmut/Air       9%         N/A       99%         7
 Haunt                    Necr/Summ      5%         N/A       100%        7
 Discord                  Hex            3%         N/A       100%        8
 Ignition                 Fire           10%        3d5       100%        8
 Infestation              Necr           8%         N/A       100%        8
 Maxwell's Capacitive Co  Air            10%        ∞         100%        8
 Animate Dead             Necr           Unusable   N/A       N/A         4

Dungeon Overview and Level Annotations

Branches:
Dungeon (10/15)            Temple (1/1) D:5            Lair (0/5) D:9
    Orc (0/2) D:10        Ossuary (visited)

Altars:
Ashenzari
Cheibriados
Dithmenos
Elyvilon
Fedhas
Gozag
Hepliaklqana
Kikubaaqudgha
Makhleb
Nemelex Xobeh
Okawaru
Qazlal
Ru
Sif Muna
Trog
Uskayaw
Vehumet
Wu Jian
Xom
Yredelemnul
Zin
The Shining One

Shops:
D:5 !   D:7 [   D:8 :

Annotations:
D:4 ogre
D:8 2 transporters
Temple 2 transporters


Innate Abilities, Weirdness & Mutations

You cannot wear most types of armour.
You are amphibious.
You can wear up to eight rings at the same time.
Your skin changes colour to match your surroundings (Stealth+).
Your rubbery body absorbs attacks. (AC +1, EV +1)
((You are camouflaged when in or above water. (Stealth+)))
You have tentacles for arms and can constrict up to eight enemies at once.


Message History

Found a ring of wizardry.
v - a ring of wizardry
v - a ring of wizardry (on tentacle)
P - a scroll labelled HUEMESKAUKK You now have 1134 gold pieces (gained 15).
You reach down and open the door.
Found an escape hatch in the floor.
There is an open door here.
There is an open door here.
Your +3 dagger of holy wrath softly glows with a divine radiance!
s - a +3 dagger of holy wrath (weapon)
The gargoyle hurls a stone arrow at you.
The stone arrow hits you!!
The gargoyle hurls a stone arrow at you.
The stone arrow misses you.
Your +3 dagger of holy wrath stops glowing.
a - a +0 long sword (weapon)
You start resting.
A gargoyle is nearby!
Casting: Ignite Poison (safe; 1% risk of failure)
Confirm with . or Enter, or press ? or * to list all spells.
Aiming: Mephitic Cloud (safe; 1% risk of failure)
Press: ? - help, Shift-Dir - straight line The ball explodes into a vile cloud!
The stinking cloud engulfs the gargoyle but does no damage.
The gargoyle hits you with a +0 morningstar!
Casting: Mephitic Cloud (safe; 1% risk of failure)
Confirm with . or Enter, or press ? or * to list all spells.
You ignite the poison in your surroundings!
The gargoyle is engulfed in blazing flames.
The gargoyle hurls a stone arrow at you.
The stone arrow hits you!
You hit the gargoyle but do no damage. You grab the gargoyle.
You squeeze the gargoyle, but do no damage.
The gargoyle is moderately damaged.
You constrict the gargoyle, but do no damage.
The gargoyle is engulfed in blazing flames.
The gargoyle hits you with a +0 morningstar!!
You die...
Your body crumbles into a pile of gold.

#.......#....>...#.....#.....
##.......##########.....#.....
#..........9............#.....
#...###########.........#.....
##..# #9........#..... #..#
#.........#..... #.9#
#.........#####
#..###########☼.............
#...........@9☼.............
#.............☼.............
#...$.....^................#
##..........................#
#...........#########.......#
#...........# #.......#
#...........# #.......##
####...........# #........#
#..............# #........#


You could see a gargoyle.

Vanquished Creatures
  A gargoyle (D:10)
  A hornet (D:6)
  Sigmund (D:3)
  A vampire (D:10)
  11 yaks
  A wyvern (D:8)
  A wraith (D:9)
  2 steam dragons
  3 wargs
  A water moccasin (D:7)
  5 orc warriors
  3 ogres (D:5)
  An ice beast (D:6)
  5 centaurs
  A phantom (D:4)
  4 bullfrogs
  Blork the orc (D:6)
  3 scorpions
  7 wights (D:9)
  5 killer bees
  2 jellies (D:6)
  5 howler monkeys
  A human zombie (Ossuary)
  3 hounds
  7 orc priests
  A sleepcap (D:6)
  4 iguanas
  5 orc wizards
  3 mummies (Ossuary)
  Robin (D:2)
  4 adders
  A shadow imp (D:4)
  An ufetubus (D:6)
  2 dart slugs (D:5)
  28 orcs
  7 ball pythons
  6 bats
  4 endoplasms
  4 giant cockroaches
  13 goblins
  13 hobgoblins
  13 jackals
  4 quokkas
  3 frilled lizards (D:1)
  2 hobgoblin zombies (Ossuary)
  10 kobolds
  2 kobold zombies (Ossuary)
  3 orc zombies (Ossuary)
  5 rats
215 creatures vanquished.

Notes
Turn   | Place    | Note
-------+----------+-------------------------------------------
     0 | D:5      | Esekla the Octopode Delver began the quest for the Orb.
     0 | D:5      | Reached XP level 1. HP: 16/16 MP: 1/1
    11 | D:5      | Found a staircase to the Ecumenical Temple.
    20 | Temple   | Entered the Ecumenical Temple
    20 | Temple   | Found a transporter.
    20 | Temple   | Found a transporter.
    22 | Temple   | Found a transporter.
    22 | Temple   | Found a transporter.
   124 | D:5      | Noticed a phantom
   164 | D:5      | Noticed a scorpion
   229 | Temple   | Became a worshipper of Gozag Ym Sagoz the Greedy
   305 | D:4      | Noticed an orc wizard
   341 | D:4      | Noticed an iguana
   389 | D:3      | Reached skill level 7 in Stealth
   389 | D:3      | Reached XP level 2. HP: 21/21 MP: 2/2
   540 | D:2      | Reached XP level 3. HP: 26/26 MP: 3/3
   578 | D:2      | Noticed Robin
   612 | D:2      | Killed Robin
   613 | D:2      | Reached skill level 1 in Air Magic
   696 | D:2      | Reached skill level 1 in Spellcasting
   696 | D:2      | Reached XP level 4. HP: 30/31 MP: 3/5
  1151 | D:1      | Reached skill level 1 in Conjurations
  1588 | D:1      | Upgraded the game from 0.30-a0-840-ga523dec638 to
                  | 0.30-a0-845-g7c6808c8ce
  1632 | D:2      | Learned a level 2 spell: Poisonous Vapours
  1636 | D:2      | Learned a level 3 spell: Mephitic Cloud
  2223 | D:3      | Noticed Sigmund
  2229 | D:3      | Killed Sigmund
  2230 | D:3      | Reached skill level 1 in Short Blades
  2230 | D:3      | Reached skill level 1 in Poison Magic
  2230 | D:3      | Reached XP level 5. HP: 37/37 MP: 5/7
  2230 | D:3      | Reached XP level 6. HP: 43/43 MP: 5/8
  2266 | D:3      | Found a shimmering altar of Xom.
  2268 | D:3      | Found a shimmering altar of Xom.
  2268 | D:3      | Found a blossoming altar of Fedhas.
  2270 | D:3      | Found a glowing silver altar of Zin.
  2270 | D:3      | Found a bloodstained altar of Trog.
  2270 | D:3      | Found a glowing silver altar of Zin.
  3194 | D:4      | Reached XP level 7. HP: 47/47 MP: 4/10
  3719 | D:5      | Found a hazy altar of Hepliaklqana.
  3835 | D:5      | Found Apico's Distillery.
  3843 | D:5      | Bought a potion of berserk rage for 70 gold pieces
  3843 | D:5      | Bought a potion of might for 56 gold pieces
  3843 | D:5      | Bought a potion of heal wounds for 70 gold pieces
  3843 | D:5      | Bought a potion of flight for 42 gold pieces
  4109 | D:5      | Reached XP level 8. HP: 54/54 MP: 11/12
  4620 | D:6      | Noticed Blork the orc
  4632 | D:6      | Killed Blork the orc
  4652 | D:6      | Found a sparkling altar of Nemelex Xobeh.
  4710 | D:6      | Found a shadowy altar of Dithmenos.
  4721 | D:6      | Found a basalt altar of Yredelemnul.
  4936 | D:6      | Found a sand-covered staircase.
  4947 | Ossuary  | Entered an ossuary
  5634 | D:6      | Reached skill level 5 in Long Blades
  5697 | D:6      | Noticed a hornet
  5732 | D:6      | Killed a hornet
  5812 | D:6      | Reached XP level 9. HP: 59/59 MP: 14/14
  6247 | D:7      | Learned a level 1 spell: Apportation
  6300 | D:7      | Identified the +8 mace "Otringe" {freeze, rPois Str+2
                  | Int-5}
  6821 | D:7      | Found Waejulal's Antique Armour Shop.
  7024 | D:7      | Learned a level 2 spell: Wereblood
  7028 | D:7      | Learned a level 3 spell: Ignite Poison
  7033 | D:7      | Learned a level 4 spell: Sticky Flame
  7323 | D:8      | Reached skill level 1 in Throwing
  7323 | D:8      | Reached skill level 1 in Fire Magic
  7345 | D:8      | Reached skill level 5 in Fighting
  7467 | D:8      | Reached skill level 1 in Transmutations
  7560 | D:8      | Found a transporter.
  7561 | D:8      | Found a transporter.
  7561 | D:8      | Noticed a boulder beetle
  7919 | D:9      | Found a staircase to the Lair.
  8040 | D:9      | Reached skill level 5 in Spellcasting
  8244 | D:9      | Reached skill level 5 in Dodging
  8544 | D:9      | Reached skill level 1 in Earth Magic
  8544 | D:9      | Reached XP level 10. HP: 50/66 MP: 18/18
  8816 | D:8      | Bought a book of Debilitation for 300 gold pieces
  8820 | D:8      | Learned a level 3 spell: Vampiric Draining
  9240 | D:9      | Reached skill level 1 in Necromancy
 10035 | D:10     | Entered Level 10 of the Dungeon
 10258 | D:10     | Identified the +1 leather armour of Readwuun {Int+4}
 10553 | D:10     | Found a staircase to the Orcish Mines.
 10580 | D:10     | Reached XP level 11. HP: 52/72 MP: 3/21
 11086 | D:10     | Slain by a gargoyle

Illustrated notes

Levels and vault maps discovered:
D:1:      minmay_arrival_hallway, layout_basic
D:2:      layout_basic, serial_forest, infiniplex_forest_lined_room_3,
          infiniplex_forest_end_1, infiniplex_forest_lined_room_3,
          infiniplex_forest_lined_3_way, infiniplex_forest_lined_corner,
          uniq_robin
D:3:      layout_basic, doesnt_xom_only_xom, dreamdust_wishing_well,
          kennysheep_flooded_box, uniq_sigmund
D:4:      layout_rooms
D:5:      layout_loops_ring, worldfamousw_hep_ancestral_shrine,
          minmay_temple_entry_glassed_door, serial_shops,
          nicolae_shop_hallway_plus
D:6:      layout_basic, nemelex_diamond_rough_becter,
          amethyst_overflow_temple_binary, nicolae_ossuary_entry_ruins,
          uniq_blork_the_orc
D:7:      layout_basic, serial_shops, shop
D:8:      gammafunk_boulding_lane, layout_rooms, minmay_between
D:9:      nicolae_cairo_tiling, layout_stronghold, erik_lair_orcish_takeover
D:10:     layout_irregular_city, minmay_orc_entry_temple_small
Temple:   hellmonk_temple_divided_pantheon

Skill      XL: |  1  2  3  4  5  6  7  8  9 10 11 |
---------------+----------------------------------+-----
Stealth        | 7 |  7.0
Air Magic      | 1 2 3 4 |  4.3
Spellcasting   | 1 2 3 5 6 |  6.7
Conjurations   | 1 2 3 |  3.8
Short Blades   | 1 2 3 |  3.1
Long Blades    | 3 4 5 6 |  6.5
Poison Magic   | 1 2 4 |  4.6
Fighting       | 4 5 6 |  6.2
Dodging        | 3 5 |  5.7
Throwing       | 1 |  1.2
Fire Magic     | 2 3 4 |  4.0
Transmutations | 2 |  2.9
Earth Magic    | 1 2 |  2.5
Necromancy     | 2 |  2.7
Translocations | |  0.4
Evocations     | |  0.1

Action                     |  1- 3 |  4- 6 |  7- 9 | 10-12 || total
---------------------------+-------+-------+-------+-------++-------
  Melee: Falchion          |    34 |    46 |    59 |       ||   139
         Constrict         |    14 |    29 |    35 |    15 ||    93
         Tentacles         |     7 |    22 |    34 |    31 ||    94
         Dagger            |     4 |    69 |    70 |    48 ||   191
         Punch             |       |       |     1 |     2 ||     3
         Long sword        |       |       |    36 |    42 ||    78
  Throw: Boomerang         |       |     3 |     6 |       ||     9
         Dart              |       |       |     1 |     9 ||    10
   Cast: Poisonous Vapours |       |    14 |    30 |    24 ||    68
         Mephitic Cloud    |       |     2 |    18 |    15 ||    35
         Apportation       |       |       |    11 |     9 ||    20
         Wereblood         |       |       |     7 |     6 ||    13
         Sticky Flame      |       |       |     3 |    13 ||    16
         Ignite Poison     |       |       |       |     4 ||     4
         Vampiric Draining |       |       |       |     1 ||     1
 Invoke: Call Merchant     |       |       |     1 |       ||     1
  Evoke: Wand              |       |       |     2 |     1 ||     3
    Use: Scroll            |     1 |       |    10 |     2 ||    13
         Potion            |     1 |       |     3 |     3 ||     7
   Stab: Sleeping          |     6 |    24 |    17 |     1 ||    48
         Distracted        |       |     2 |     1 |     1 ||     4
         Confused          |       |     2 |     8 |     7 ||    17
 Armour: Skin              |     2 |     6 |     8 |     2 ||    18
  Dodge: Dodged            |    15 |    54 |    90 |    53 ||   212

Table legend: (Time is in decaauts)
 A = Elapsed time spent in this place.
 B = Non-inter-level travel time spent in this place.
 C = Inter-level travel time spent in this place.
 D = Time resting spent in this place.
 E = Time spent auto-exploring this place.
 F = Levels seen in this place.
 G = Mean time per level.
                   A        B        C        D        E       F      G
               +--------+--------+--------+--------+--------+-----+--------+
         Total |  11030 |  10584 |    446 |   2282 |   3203 |  12 |  919.2 |
       Dungeon |  10545 |  10101 |    444 |   2217 |   3148 |  10 | 1054.5 |
        Temple |     45 |     44 |      1 |      0 |      0 |   1 |   45.0 |
       Ossuary |    439 |    439 |      0 |     65 |     55 |   1 |  439.0 |
               +--------+--------+--------+--------+--------+-----+--------+

Top non-repeatable levels by time:
     D:9: 1623 daAuts
     D:6: 1396 daAuts
     D:8: 1179 daAuts
     D:4: 1030 daAuts
     D:5: 1012 daAuts
    D:10: 986 daAuts
     D:2: 927 daAuts
     D:1: 865 daAuts
     D:7: 834 daAuts
     D:3: 688 daAuts
 Ossuary: 439 daAuts
  Temple: 45 daAuts
